 Dungeon Sprint DCSS version 0.19.4-10-g532645f (webtiles) character file.

1389 equalderp2856 the Imperceptible (level 8, -3/38 HPs)
             Began as a Felid Fighter on Feb 25, 2017.
             Slain by a centaur warrior (13 damage)
             ... in the Dungeon (Sprint I: "Red Sonja").
             The game lasted 00:02:53 (831 turns).

equalderp2856 the Imperceptible (Felid Fighter)      Turns: 831, Time: 00:02:53

Health: -3/38      AC:  2    Str: 18    XL:     8   Next: 40%
Magic:  9/9        EV: 23    Int: 10    God:
Gold:   527        SH:  0    Dex: 16    Spells: 0 memorised, 7 levels left
                                        Lives:  0   Deaths: 2

rFire  . . .     SeeInvis +       - Unarmed
rCold  . . .     Gourm    .     (armour unavailable)
rNeg   . . .     Faith    .     (shield unavailable)
rPois  .         Spirit   .     (helmet unavailable)
rElec  .         Reflect  .     (cloak unavailable)
rCorr  .         Harm     .     (gloves unavailable)
MR     +....     NoTele   +     (boots unavailable)
Stlth  +++++++++.               (no amulet)
                                (no ring)
                                (no ring)

@: mighty, quick
A: no armour, no weapons or thrown items, stealth, claws 1, fangs 3, see
invisible, carnivore 3, speed 1, shaggy fur 2, slow metabolism 1, sharp paws
a: no special abilities


You were in the Dungeon.
You were not hungry.

You visited 1 branch You collected 527 gold pieces.

Inventory:

Wands
 i - a wand of digging (11/24)
 k - a wand of lightning (7/15)
Scrolls
 h - a scroll of blinking
 j - a scroll of amnesia {unknown}
Potions
 e - 2 potions of haste
 f - 2 potions of magic
Comestibles
 b - a meat ration


   Skills:
 * Level 6.0 Fighting
 * Level 8.0 Dodging
 - Level 23.0 Stealth
 * Level 7.6 Unarmed Combat


You had 7 spell levels left.
You didn't know any spells.

Dungeon Overview and Level Annotations

Branches:
Dungeon (1/1)

Altars:
Cheibriados
Dithmenos
Elyvilon
Fedhas
Gozag
Hepliaklqana
Kikubaaqudgha
Makhleb
Nemelex Xobeh
Okawaru
Qazlal
Ru
Sif Muna
Trog
Uskayaw
Vehumet
Xom
Yredelemnul
Zin
The Shining One
Jiyva
Lugonu

Shops:
D ([[


Innate Abilities, Weirdness & Mutations

You cannot wear armour.
You are incapable of wielding weapons or throwing items.
Your paws allow you to move quietly. (Stealth)
You have sharp claws.
You have razor-sharp teeth.
You have supernaturally acute eyesight. (SInv)
You are carnivorous and can eat meat at any time.
You cover ground quickly.
You are covered in thick fur. (AC +2)
You have a slow metabolism.
Your sharp claws are effective at attacking unaware monsters.


Message History

You scratch the centaur warrior.
The centaur warrior is almost dead.
The centaur warrior hits you. The centaur warrior barely misses you.
You scratch the centaur warrior but do no damage.
You bite the centaur warrior.
The centaur warrior is almost dead.
The centaur warrior misses you. The centaur warrior hits you.
You claw the centaur warrior!
You kill the centaur warrior!
You hear a splash. x2
Your Fighting skill gained 3 levels and is now at level 6!
Your Dodging skill gained 3 levels and is now at level 8!
Your Unarmed Combat skill increases to level 7!
Welcome back to level 8!
The centaur warrior hits you. The centaur warrior hits you!
* * * LOW HITPOINT WARNING * * *
Okay, then.
You feel very mighty all of a sudden. The centaur warrior hits you!
You die...

##################
<.#..').#..'..#__#
..'..#..').#..'..+
..#####'#####'#__####
..####..#...#.####§!#
..#__####..##.#§≈§§.#
..#_____##'#..§§§§§.+
⌠⌠#_.∩...†..._#§c§§.#
###_..__##_.#'##@####
#_____###'#(#§§(%###
###########.####'###.##
∩........'...'.....'.∩#
##++++####.).##########
##.## #+#


You could see a centaur warrior.

Vanquished Creatures
  A centaur warrior (D)
  Sonja (D)
  A deep troll (D)
  A slime creature (D)
  Sigmund (D)
  A yak (D)
  An ogre (D)
  A jelly (D)
  Ijyb (D)
9 creatures vanquished.

Vanquished Creatures (others)
  A gargoyle (D)
1 creature vanquished.

Grand Total: 10 creatures vanquished

Notes
Turn   | Place    | Note
-------+----------+-------------------------------------------
     0 | D        | equalderp2856 the Felid Fighter began the quest for the Orb.
     0 | D        | Reached XP level 1. HP: 10/10 MP: 2/2
     2 | D        | Noticed Ijyb
    17 | D        | Killed Ijyb
    17 | D        | Reached skill level 5 in Dodging
    17 | D        | Reached XP level 2. HP: 12/15 MP: 3/3
    68 | D        | Noticed an ogre
    74 | D        | Killed an ogre
    74 | D        | Reached skill level 9 in Stealth
    74 | D        | Reached XP level 3. HP: 1/18 MP: 4/4
    74 | D        | Reached XP level 4. HP: 2/22 MP: 5/5
   362 | D        | Noticed Sigmund
   374 | D        | Killed Sigmund
   374 | D        | Reached skill level 14 in Stealth
   374 | D        | Reached XP level 5. HP: 14/25 MP: 6/6
   374 | D        | Gained mutation: You are covered in thick fur. (AC +2) [Felid growth]
   374 | D        | Reached XP level 6. HP: 16/28 MP: 7/7
   529 | D        | Found a burning altar of Makhleb.
   529 | D        | Found a viscous altar of Jiyva.
   529 | D        | Found a shimmering altar of Xom.
   529 | D        | Found a corrupted altar of Lugonu.
   529 | D        | Noticed a slime creature
   532 | D        | Killed a slime creature
   532 | D        | Reached skill level 17 in Stealth
   535 | D        | Found a deep blue altar of Sif Muna.
   537 | D        | Found a radiant altar of Vehumet.
   601 | D        | Killed a gargoyle
   655 | D        | Found Himufrasm's Antique Armour Emporium.
   655 | D        | Found an ancient bone altar of Kikubaaqudgha.
   655 | D        | Found a hazy altar of Hepliaklqana.
   655 | D        | Found a stormy altar of Qazlal.
   655 | D        | Found a hide-covered altar of Uskayaw.
   655 | D        | Found a blossoming altar of Fedhas.
   655 | D        | Found a bloodstained altar of Trog.
   655 | D        | Found an iron altar of Okawaru.
   655 | D        | Found a basalt altar of Yredelemnul.
   655 | D        | Found a glowing golden altar of the Shining One.
   655 | D        | Found a snail-covered altar of Cheibriados.
   655 | D        | Found a sacrificial altar of Ru.
   655 | D        | Found a glowing silver altar of Zin.
   655 | D        | Found a shadowy altar of Dithmenos.
   655 | D        | Found a white marble altar of Elyvilon.
   655 | D        | Noticed a yak
   656 | D        | Found an opulent altar of Gozag.
   669 | D        | Slain by a yak
   670 | D        | Reached XP level 5. HP: -2/25 MP: 6/6
   683 | D        | Found a sparkling altar of Nemelex Xobeh.
   688 | D        | Killed a yak
   688 | D        | Reached skill level 18 in Stealth
   688 | D        | Reached XP level 6. HP: 28/28 MP: 7/7
   724 | D        | Noticed a centaur warrior
   727 | D        | Noticed a centaur warrior
   731 | D        | Noticed a deep troll
   733 | D        | Killed a deep troll
   733 | D        | Reached skill level 21 in Stealth
   733 | D        | Reached XP level 7. HP: 31/31 MP: 8/8
   739 | D        | Found Hiclaopn's Armour Emporium.
   756 | D        | Noticed Sonja
   759 | D        | Killed Sonja
   759 | D        | Reached skill level 23 in Stealth
   759 | D        | Reached XP level 8. HP: 36/36 MP: 9/9
   776 | D        | Found Asuder's Weapon Boutique.
   816 | D        | HP: 1/54 [centaur warrior (11)]
   819 | D        | Mangled by a centaur warrior
   820 | D        | Reached XP level 7. HP: -7/46 MP: 8/8
   830 | D        | Killed a centaur warrior
   830 | D        | Reached XP level 8. HP: 27/38 MP: 9/9
   831 | D        | Slain by a centaur warrior

Skill      XL: |  1  2  3  4  5  6  7 |
---------------+----------------------+-----
Dodging        | 5 8 |  8.0
Unarmed Combat | 6 7 |  7.6
Stealth        | 9 14 18 21 23 | 23.0
Fighting       | 6 |  6.0

Action                   |  1- 3 |  4- 6 |  7- 9 || total
-------------------------+-------+-------+-------++-------
Melee: Unarmed           |    19 |    31 |    10 ||    60
       Bite              |     3 |     3 |     1 ||     7
       Punch             |     1 |     2 |       ||     3
  Use: Potion            |       |     1 |     4 ||     5
 Stab: Sleeping          |       |     2 |     1 ||     3
Armor: Skin              |       |     1 |       ||     1
Dodge: Dodged            |    14 |    14 |    12 ||    40
